 Dungeon Crawl Stone Soup version 0.28.0-53-g5a82cb258f (webtiles) character file.

Game seed: 9174084855399934722

5349 pkoi the Frost Mage (level 10, -15/77 HPs)
             Began as a Demigod Ice Elementalist on June 6, 2022.
             Demolished by a two-headed ogre
             ... wielding a +0 giant club
              (19 damage)
             ... on level 9 of the Dungeon.
             The game lasted 00:22:06 (14811 turns).

pkoi the Frost Mage (Demigod Ice Elementalist)     Turns: 14811, Time: 00:22:06

Health: -15/77     AC:  7    Str:  9    XL:     10   Next: 16%
Magic:  11/17      EV: 13    Int: 29    God:
Gold:   382        SH:  0    Dex: 14    Spells: 3/14 levels left

rFire   . . .      SeeInvis .   t - +4 shortbow
rCold   . . .      Faith    .   (shield currently unavailable)
rNeg    . . .      Spirit   .   a - +0 robe
rPois   +          Reflect  .   m - +1 helmet
rElec   .          Harm     .   v - +1 cloak {rPois}
rCorr   +          Rampage  .   s - +0 pair of gloves
Will    +....                   (no boots)
Stlth   ++........              h - amulet of the acrobat
HPRegen 0.22/turn               d - ring of flight
MPRegen 0.15/turn               k - ring of resist corrosion

@: freezing walls, flying
A: high MP 1, forlorn, divine attributes
a: no special abilities


You were on level 9 of the Dungeon.
You visited 1 branch of the dungeon, and saw 9 of its levels.

You collected 382 gold pieces.

Inventory:

Hand Weapons
 c - a +0 club
 e - a +0 dagger
 j - a +3 dagger
 t - a +4 shortbow (weapon)
 z - a +1 dagger of electrocution
Missiles
 n - 5 datura-tipped darts
 u - 51 arrows (quivered ammo)
 w - 3 throwing nets
Armour
 a - a +0 robe (worn)
 m - a +1 helmet (worn)
 s - a +0 pair of gloves (worn)
 v - a +1 cloak of poison resistance (worn)
 y - the +0 ring mail of a volcano {rElec rC+ Str-2 Int+4}
   (You found it on level 8 of the Dungeon)

   Str:       It affects your strength (-2).
   Int:       It affects your intelligence (+4).
   rC:        It protects you from cold.
   rElec:     It insulates you from electricity.
Jewellery
 d - a ring of flight (left hand)
 h - an amulet of the acrobat (around neck)
 k - a ring of resist corrosion (right hand)
 p - a ring of see invisible
Wands
 o - a wand of polymorph (9)
Scrolls
 g - 2 scrolls of silence
 i - a scroll of teleportation
 q - a scroll of magic mapping
 x - a scroll of summoning {unknown}
 A - 2 scrolls of identify
 B - 2 scrolls of fear
Potions
 b - 2 potions of might
 f - a potion of curing {unknown}
 l - a potion of heal wounds
 r - a potion of lignification
 C - a potion of berserk rage {unknown}


   Skills:
 + Level 3.4 Fighting
 * Level 5.7 Bows
 + Level 3.3 Armour
 + Level 4.0 Dodging
 - Level 1.7 Stealth
 + Level 2.5 Spellcasting
 + Level 2.6 Conjurations
 * Level 11.3 Ice Magic


You had 3 spell levels left.
You knew the following spells:

 Your Spells              Type           Power      Damage    Failure   Level
a - Freeze                Ice            100%       1d11      1%          1
b - Frozen Ramparts       Ice            100%       1d12      1%          3
c - Ozocubu's Armour      Ice            62%        N/A       1%          3
d - Hailstorm             Conj/Ice       44%        3d10      4%          4

Your spell library contained the following spells:

 Spells                   Type           Power      Damage    Failure   Level
 Beastly Appendage        Tmut           6%         N/A       9%          1
 Pain                     Necr           12%        1d4       9%          1
 Wereblood                Tmut           3%         N/A       12%         2
 Spider Form              Tmut/Pois      3%         N/A       24%         3
 Ozocubu's Refrigeration  Ice            31%        4d11      54%         7
 Agony                    Necr           3%         N/A       92%         5
 Excruciating Wounds      Necr           1%         N/A       92%         5


Dungeon Overview and Level Annotations

Branches:
Dungeon (9/15)             Temple (0/1) D:5
   Lair: D:8-11         Orc: D:9-12

Shops:
D:1 (

Portals:
Abyss: D:8

Annotations:
D:3 2 transporters, Sin92's ghost, weakling DsFi
D:4 1 runed translucent door, PhantomBowie's ghost, amateur GrFi
D:8 2 transporters, issech's ghost, novice MiMo


Innate Abilities, Weirdness & Mutations

You have an increased reservoir of magic. (+10% MP)
You shall have no god before yourself.
Your divine heritage dramatically boosts your attributes as you level up.


Message History

Aim: a kobold brigand, wielding a +0 short sword and quivering poisoned darts (severely wounded, 60% to hit)
You shoot an arrow. The arrow hits the two-headed ogre.
The two-headed ogre is lightly wounded.
You feel sick.
The wall freezes the two-headed ogre!
The wall freezes the two-headed ogre.
The two-headed ogre hits you with a +0 giant club!
* * * LOW HITPOINT WARNING * * *
The two-headed ogre hits you with a +0 giant club.
* * * LOW HITPOINT WARNING * * *
Fire: 52 arrows
Press: ? - help, Q - select action, (/) - cycle Shift-Dir - straight line, f/p - kobold brigand
Aim: a kobold brigand, wielding a +0 short sword and quivering poisoned darts (severely wounded, 60% to hit)
You shoot an arrow. The arrow hits the two-headed ogre.
The two-headed ogre is heavily wounded.
You feel sick.
You are no longer poisoned.
Unknown command.
Casting: Frozen Ramparts (safe; 1% risk of failure)
Confirm with . or Enter, or press ? or * to list all spells.
Aiming: Freeze (safe; 1% risk of failure)
Press: ? - help, Shift-Dir - straight line, f - two-headed ogre, p - kobold brigand
Aim: a two-headed ogre, wielding two +0 giant clubs (heavily wounded)
You freeze the two-headed ogre!
The two-headed ogre is heavily wounded.
The frozen ramparts melt away.
The two-headed ogre hits you with a +0 giant club.
* * * LOW HITPOINT WARNING * * *
The two-headed ogre hits you with a +0 giant club!
* * * LOW HITPOINT WARNING * * *
Unknown command.
Casting: Freeze (safe; 1% risk of failure)
Confirm with . or Enter, or press ? or * to list all spells.
Casting: Frozen Ramparts (safe; 1% risk of failure)
Press: ? - help, Dir - look around, f - activate The walls around you are covered in ice.
The wall freezes the two-headed ogre!
The two-headed ogre hits you with a +0 giant club!
* * * LOW HITPOINT WARNING * * *
The two-headed ogre hits you with a +0 giant club!!
You die...

####.#####[#
...........#########
####.........<.....#
#.......######### ##
#.......#
.###..)....#
..##.......#
...#......(#########
......)..(.(((KO@..#
#..###.#####.#######
...# #)# #.# ..##
#)# #.# .## #[# #.#
.#####.#####.#######
..#.<..............#
..†####.############
...# #.#


You could see a two-headed ogre and a kobold brigand.

Vanquished Creatures
  A two-headed ogre (D:9)
  Grinder (D:3)
  Eustachio (D:3)
  2 steam dragons (D:7)
  4 vampire mosquitoes (D:6)
  Edmund (D:5)
  A water moccasin (D:7)
  A hornet zombie (D:9)
  An ice beast (D:5)
  A sky beast (D:6)
  An orc warrior (D:8)
  5 ogres
  A necrophage (D:6)
  3 centaurs
  2 phantoms
  2 kobold brigands
  4 bullfrogs
  A scorpion (D:4)
  10 killer bees
  5 wights (D:6)
  2 electric eels (D:6)
  A bullfrog zombie (D:6)
  Crazy Yiuf (D:3)
  2 centaur zombies
  3 hounds
  4 jellies
  A centaur skeleton (D:6)
  3 orc priests
  A bullfrog skeleton (D:6)
  A gnoll shaman (D:9)
  6 iguanas
  3 orc wizards
  A killer bee zombie (D:7)
  A hound skeleton (D:4)
  2 howler monkey zombies
  4 gnolls (D:9)
  A howler monkey skeleton (D:7)
  9 adders
  2 white imps
  An adder skeleton (D:4)
  An adder zombie (D:5)
  A worm (D:2)
  A dart slug (D:4)
  9 orcs
  5 bats
  6 endoplasms
  3 giant cockroaches (D:1)
  7 goblins
  14 hobgoblins
  4 jackals (D:3)
  7 kobolds
  2 quokkas
  8 ball pythons
  2 frilled lizards
  6 rats
173 creatures vanquished.

Vanquished Creatures (others)
  20 plants (D:6)
20 creatures vanquished.

Grand Total: 193 creatures vanquished

Notes
Turn   | Place    | Note
-------+----------+-------------------------------------------
     0 | D:1      | pkoi the Demigod Ice Elementalist began the quest for the
                  | Orb.
     0 | D:1      | Reached XP level 1. HP: 14/14 MP: 5/5
   315 | D:1      | Reached skill level 4 in Ice Magic
   392 | D:1      | Found Pusaovax's Weapon Shop.
   547 | D:1      | Reached XP level 2. HP: 20/20 MP: 5/7
  1343 | D:1      | Reached XP level 3. HP: 22/26 MP: 2/8
  1397 | D:1      | Learned a level 3 spell: Frozen Ramparts
  1813 | D:2      | Reached skill level 5 in Ice Magic
  2606 | D:2      | Reached XP level 4. HP: 31/33 MP: 6/9
  2739 | D:3      | Noticed Grinder
  3199 | D:3      | Found a transporter.
  3228 | D:3      | Found a runed translucent door.
  3229 | D:3      | Noticed Crazy Yiuf
  3250 | D:3      | Noticed Sin92's ghost (weakling DsFi)
  3255 | D:3      | Found a transporter.
  3723 | D:4      | Noticed an ogre
  3728 | D:4      | Killed an ogre
  3729 | D:4      | Reached skill level 6 in Ice Magic
  3729 | D:4      | Reached XP level 5. HP: 23/38 MP: 4/10
  3929 | D:4      | Found a runed translucent door.
  3929 | D:4      | Noticed PhantomBowie's ghost (amateur GrFi)
  3934 | D:4      | Noticed Eustachio
  3956 | D:3      | Killed Eustachio
  3957 | D:3      | Reached skill level 7 in Ice Magic
  3957 | D:3      | Reached XP level 6. HP: 18/45 MP: 3/11
  5119 | D:4      | Learned a level 3 spell: Ozocubu's Armour
  5287 | D:5      | Entered Level 5 of the Dungeon
  5874 | D:4      | Reached skill level 8 in Ice Magic
  5874 | D:4      | Reached XP level 7. HP: 38/50 MP: 7/12
  6202 | D:5      | Found a staircase to the Ecumenical Temple.
  6333 | D:6      | Reached skill level 9 in Ice Magic
  6735 | D:3      | Paralysed by Grinder for 2 turns
  6750 | D:3      | Killed Grinder
  6751 | D:3      | Reached XP level 8. HP: 14/57 MP: 3/13
  7439 | D:3      | Killed Crazy Yiuf
  7612 | D:5      | Noticed Edmund
  7624 | D:5      | Killed Edmund
  7625 | D:5      | Reached skill level 1 in Bows
  7813 | D:5      | Reached skill level 10 in Ice Magic
  9135 | D:6      | Reached skill level 1 in Armour
  9174 | D:6      | Reached skill level 1 in Fighting
  9443 | D:6      | Reached XP level 9. HP: 18/66 MP: 7/15
  9953 | D:6      | Learned a level 4 spell: Hailstorm
 11218 | D:6      | Reached skill level 1 in Conjurations
 12379 | D:7      | Reached skill level 5 in Bows
 12379 | D:7      | Reached skill level 11 in Ice Magic
 12738 | D:8      | Noticed a boulder beetle
 12776 | D:8      | Identified the +0 ring mail of a volcano {rElec rC+ Str-2
                  | Int+4}
 12922 | D:8      | Found a one-way gate to the infinite horrors of the Abyss.
 12922 | D:8      | Noticed issech's ghost (novice MiMo)
 13011 | D:8      | Found a transporter.
 13034 | D:8      | Found a transporter.
 13290 | D:8      | Noticed a two-headed ogre
 14422 | D:9      | Reached XP level 10. HP: 54/77 MP: 4/16
 14429 | D:9      | Noticed a two-headed ogre
 14698 | D:9      | Killed a two-headed ogre
 14802 | D:9      | Noticed a two-headed ogre
 14811 | D:9      | Demolished by a two-headed ogre

Illustrated notes

Levels and vault maps discovered:
D:1:      lemuel_arrival_tunnels, layout_basic,
          shapermc_ecumenical_altar_notcrosses, serial_shops,
          nicolae_shop_bloodbath_and_beyond
D:2:      layout_basic, basic_altar, minivault_25, kennysheep_generic_room_12
D:3:      layout_basic, mainiacjoe_overflow_catwalk, gammafunk_ghost_arena,
          uniq_grinder, uniq_crazy_yiuf_cottage
D:4:      layout_gridville, mainiacjoe_overflow_chevrons,
          hellmonk_ghost_happy_afterlife, uniq_eustachio
D:5:      layout_cave_pools, marbit_many_paths,
          minmay_temple_entry_statues_fountains, uniq_edmund
D:6:      layout_loops_ring, serial_bayou, serial_bayou_lake_a,
          serial_bayou_shore_b, serial_bayou_pond_e, serial_bayou_pond_c,
          roderic_roman_lattice, grunt_potential
D:7:      layout_loops_cross, hellmonk_bongcloud_opening
D:8:      nzn_winding_woodlands_three_and_one
          [nzn_winding_woodlands_5x15_garden, nzn_winding_woodlands_5x15_twine,
          nzn_winding_woodlands_5x15_split_checker,
          nzn_winding_woodlands_center_triple_pond], layout_basic,
          gammafunk_ghost_abyssal_escape, minmay_misc_feat_alley
D:9:      wad_guarded_room, layout_small_grid, serial_shops, nicolae_square_shop

Skill      XL: |  1  2  3  4  5  6  7  8  9 10 |
---------------+-------------------------------+-----
Ice Magic      | 4 5 6 7 8 9 10 11 | 11.3
Bows           | 3 5 |  5.7
Dodging        | 2 3 4 |  4.0
Spellcasting   | 2 |  2.5
Armour         | 1 3 |  3.3
Fighting       | 1 3 |  3.4
Conjurations   | 2 |  2.6
Stealth        | |  1.7

Action                   |  1- 3 |  4- 6 |  7- 9 | 10-12 || total
-------------------------+-------+-------+-------+-------++-------
Melee: Club              |     2 |       |       |       ||     2
       Unarmed           |     2 |       |       |       ||     2
       Dagger            |    16 |    53 |   115 |       ||   184
       Punch             |       |     2 |     3 |       ||     5
 Fire: Shortbow          |       |       |   249 |    27 ||   276
 Cast: Freeze            |    57 |    36 |    12 |     3 ||   108
       Frozen Ramparts   |       |    12 |    56 |     4 ||    72
       Ozocubu's Armour  |       |       |    46 |     1 ||    47
  Use: Scroll            |     3 |     2 |     3 |       ||     8
       Potion            |       |       |    10 |       ||    10
 Stab: Sleeping          |     8 |     2 |     1 |       ||    11
Armor: Robe              |    12 |    17 |   122 |     4 ||   155
Dodge: Dodged            |    33 |    87 |   204 |     7 ||   331
